 Dungeon Crawl Stone Soup version 0.23.0 (webtiles) character file.

Game seed: 5598427767361556970

437 Kisielow the Conjurer (level 6, 0/32 HPs)
             Began as a Deep Elf Wizard on Feb 17, 2019.
             Was an Initiate of Vehumet.
             Killed by nerve-wracking pain
             ... invoked by an orc priest
              (6 damage)
             ... on level 4 of the Dungeon.
             The game lasted 00:20:40 (5424 turns).

Kisielow the Conjurer (Deep Elf Wizard)             Turns: 5424, Time: 00:20:40

Health: 0/32       AC:  3    Str:  4    XL:     6   Next: 69%
Magic:  5/24       EV: 12    Int: 25    God:    Vehumet [......]
Gold:   169        SH:  3    Dex: 13    Spells: 4/15 levels left

rFire    . . .     SeeInvis .   (no weapon)
rCold    . . .     Gourm    .   m - +0 buckler
rNeg     . . .     Faith    .   a - +0 robe
rPois    .         Spirit   .   b - +1 hat
rElec    .         Reflect  .   (no cloak)
rCorr    .         Harm     .   (no gloves)
MR       .....                  (no boots)
Stlth    +++.......             (no amulet)
HPRegen  0.10/turn              t - ring of stealth
MPRegen  0.19/turn              n - ring of magical power

@: lethally poisoned (0 -> -12), very slightly contaminated
A: no striking features
a: Renounce Religion


You were on level 4 of the Dungeon.
You worshipped Vehumet.
Vehumet was noncommittal.
You were not hungry.

You visited 2 branches of the dungeon, and saw 5 of its levels.
You also visited: Ossuary.

You collected 169 gold pieces.

Inventory:

Armour
 a - a +0 robe (worn)
 b - a +1 hat (worn)
 m - a +0 buckler (worn)
 r - a +0 pair of boots
Jewellery
 l - an uncursed ring of poison resistance
 n - a ring of magical power (right hand)
 t - a ring of stealth (left hand)
Wands
 p - a wand of digging (6)
Scrolls
 c - 4 scrolls of identify
 f - 2 scrolls of magic mapping
 o - 2 scrolls of enchant armour
Potions
 e - 3 potions of mutation {unknown}
 h - 2 potions of heal wounds
 i - a potion of haste {unknown}
 j - a potion of brilliance {unknown}
 k - a potion of magic
 q - a potion of lignification {unknown}
Comestibles
 d - 10 rations
 s - 3 chunks of flesh


   Skills:
 - Level 2.4 Dodging
 - Level 2.4 Stealth
 - Level 5.0 Spellcasting
 * Level 6.3 Conjurations
 - Level 1.1 Summonings
 - Level 1.1 Translocations
 + Level 3.6 Fire Magic


You had 4 spell levels left.
You knew the following spells:

 Your Spells              Type           Power        Failure   Level  Hunger
e - Conjure Flame         Conj/Fire      ####....     5%          3    ##.....
l - Call Imp              Summ           ##......     13%         2    None
p - Blink                 Tloc           N/A          13%         2    None
q - Magic Dart            Conj           ####         1%          1    None
w - Mephitic Cloud        Conj/Pois/Air  ###.....     17%         3    ##.....

Your spell library contained the following spells:

 Spells                   Type           Power        Failure   Level  Hunger
 Slow                     Hex            #.......     21%         2    None


Dungeon Overview and Level Annotations

Branches:
Dungeon (4/15)             Temple (1/1) D:4

Altars:
Ashenzari
Dithmenos
Gozag
Hepliaklqana
Kikubaaqudgha
Makhleb
Nemelex Xobeh
Okawaru
Ru
Uskayaw
Vehumet
Wu Jian
Xom
Yredelemnul
The Shining One
Jiyva

Shops:
D:4 :

Annotations:
D:3 2 transporters, PeterQ's ghost, amateur GnMo


Message History

The orc wizard hits the centaur skeleton but does no damage.
The worker ant bites you.
You are more poisoned.
The worker ant poisons you!
Your crimson imp hits the worker ant.
You feel sick.
Your shadow imp hits the centaur skeleton.
The centaur skeleton barely misses your shadow imp.
The worker ant bites you.
The orc wizard hits the centaur skeleton with a +0 dagger.
Your crimson imp barely misses the worker ant.
You feel sick.
The orc priest invokes the aid of Beogh against you.
Pain shoots through your body!
* * * LOW HITPOINT WARNING * * *
Some of the chunks of flesh in your inventory have rotted away.
* * * LOW HITPOINT WARNING * * *
You feel sick.
The orc priest calls down the wrath of Beogh upon you.
Pain shoots through your body!
You die...

#.....#......#
#.###.)....... ###
#)..#.#### #
#.).....# .#
########รท#.#.#
###.##...
.........#.#.#
#.5.5Zo..
.........#.#.#
#.#.##...
.............#
#a#55....
...........###
#@.o##..
...........# #...#
..
#########.>#####...#
. ##.#.....###
#.#.##### #.#.#
#.#.# #.#.####
#.#....#


You could see a worker ant, an orc priest, 2 friendly crimson imps and a
friendly shadow imp.

Vanquished Creatures
  An elf zombie (Ossuary)
  A human zombie (Ossuary)
  2 orc wizards (D:4)
  2 adders
  An adder skeleton (D:4)
  A worm (D:2)
  A dart slug (D:1)
  A leopard gecko (D:3)
  2 orcs
  2 bats
  A giant cockroach (D:4)
  10 goblins
  11 hobgoblins
  A frilled lizard (D:4)
  A jackal zombie (Ossuary)
  6 kobolds
  5 rats
49 creatures vanquished.

Vanquished Creatures (collateral kills)
  A scorpion (D:4)
  3 centaur zombies (Ossuary)
  2 orc priests (D:4)
  An orc wizard (D:4)
  A worker ant (D:4)
  An iguana (D:4)
  A big kobold zombie (Ossuary)
  2 hound zombies (Ossuary)
  3 mummies (Ossuary)
  Robin (D:2)
  2 adders
  2 adder zombies (Ossuary)
  A leopard gecko (D:4)
  3 orcs
  A goblin (D:2)
  A hobgoblin (D:3)
  2 jackals (D:3)
  2 gnoll zombies (Ossuary)
  6 goblin zombies (Ossuary)
  7 hobgoblin zombies (Ossuary)
  2 jackal zombies (Ossuary)
  4 kobold zombies (Ossuary)
  An orc zombie (Ossuary)
  A quokka skeleton (D:4)
  A quokka zombie (Ossuary)
  3 rat zombies (Ossuary)
55 creatures vanquished.

Vanquished Creatures (others)
  4 plants (D:3)
4 creatures vanquished.

Grand Total: 108 creatures vanquished

Notes
Turn   | Place    | Note
-------+----------+-------------------------------------------
     0 | D:1      | Kisielow the Deep Elf Wizard began the quest for the Orb.
     0 | D:1      | Reached XP level 1. HP: 10/10 MP: 7/7
   319 | D:1      | Reached skill level 2 in Conjurations
   344 | D:1      | Reached XP level 2. HP: 12/15 MP: 3/9
   598 | D:1      | Learned a level 2 spell: Blink
   601 | D:1      | Learned a level 2 spell: Call Imp
  1154 | D:2      | Reached XP level 3. HP: 19/19 MP: 3/11
  1221 | D:2      | Learned a level 3 spell: Mephitic Cloud
  1225 | D:2      | Learned a level 3 spell: Conjure Flame
  1394 | D:2      | Reached skill level 5 in Spellcasting
  1410 | D:2      | Reached skill level 3 in Conjurations
  1706 | D:2      | Noticed Robin
  2220 | D:2      | Killed Robin
  2836 | D:3      | Reached skill level 1 in Fire Magic
  2851 | D:3      | Found a transporter.
  2873 | D:3      | Found a glowing golden altar of the Shining One.
  2874 | D:3      | Identified the cursed +0 trident "Diezuip" {venom, rN+ MR+
                  | Int-5}
  2874 | D:3      | Identified the cursed -2 shield of Complete Protection
                  | {Dex+3}
  2874 | D:3      | Noticed a gnoll sergeant
  2876 | D:3      | Found a shimmering altar of Xom.
  2878 | D:3      | Found a hide-covered altar of Uskayaw.
  2945 | D:3      | Reached XP level 4. HP: 14/24 MP: 12/13
  3046 | D:3      | Found a transporter.
  3077 | D:3      | Noticed PeterQ's ghost (amateur GnMo)
  3346 | D:4      | Found a sand-covered staircase.
  3353 | Ossuary  | Entered an ossuary
  3652 | Ossuary  | Reached skill level 4 in Conjurations
  3981 | Ossuary  | Reached XP level 5. HP: 20/28 MP: 11/14
  4164 | Ossuary  | HP: 1/28 [elf zombie (5)]
  4272 | Ossuary  | Reached skill level 5 in Conjurations
  4819 | D:4      | Reached XP level 6. HP: 32/32 MP: 15/15
  4841 | D:4      | Found a staircase to the Ecumenical Temple.
  4857 | Temple   | Entered the Ecumenical Temple
  4863 | Temple   | Became a worshipper of Vehumet
  5016 | D:4      | Found a shadowy altar of Dithmenos.
  5245 | D:4      | Found Qihain's Book Shoppe.
  5257 | D:4      | Reached skill level 6 in Conjurations
  5424 | D:4      | Killed from afar by an orc priest

Skill      XL: |  1  2  3  4  5  6 |
---------------+-------------------+-----
Conjurations   | 2 3 4 5 6 |  6.3
Spellcasting   | 5 |  5.0
Fire Magic     | 1 2 3 |  3.6
Dodging        | |  2.4
Stealth        | |  2.4
Summonings     | |  1.1
Translocations | |  1.1

Action                   |  1- 3 |  4- 6 || total
-------------------------+-------+-------++-------
Melee: Unarmed           |     9 |     8 ||    17
 Cast: Magic Dart        |    80 |    33 ||   113
       Call Imp          |    10 |    99 ||   109
       Mephitic Cloud    |     6 |     3 ||     9
       Conjure Flame     |     1 |       ||     1
       Blink             |       |     1 ||     1
  Use: Scroll            |     6 |     4 ||    10
 Stab: Confused          |     1 |       ||     1
  Eat: Chunk             |     6 |     1 ||     7
       Ration            |       |     2 ||     2
Armor: Robe              |     3 |     6 ||     9
Dodge: Dodged            |    29 |    34 ||    63
Block: Buckler           |     1 |     7 ||     8
